 BcadrenCrawl: Boulder Brew version 0.06-688-g08e91b2d95 (webtiles) character file.

Game seed: 3539039264153867684

795 Leeroy the Merged (level 7, -1/44 HPs) Magenta Draconian Priest. Began on Jan 31, 2023. Was a Priest of Bahamut & Tiamat. Slain by an ufetubus (3 damage) ... summoned by Eustachio ... on level 3 of the Dungeon. The game lasted 00:09:13 (3027 turns).

Leeroy the Merged (Magenta Draconian Priest)        Turns: 3027, Time: 00:09:14

Health: -1/44      AC:  0    Str: 13    XL:     7 ^: 289
Magic:  12/13      EV: 14    Int: 12    God:    Bahamut & Tiamat [3* [95]]
Gold:   108        SH:  0    Dex: 14    Spells: 6/6 levels left

rFire    . . .     Slash    x     - Unarmed
rCold    . . .     Pierce   .     - Unarmed
rNeg     . . .     Bludgeon .   (armour currently unavailable)
rCorr    . . .     Vision   .   (helmet currently unavailable)
rPois    .         Gourm    .   (cloak currently unavailable)
rElec    .         Faith    .   (gloves currently unavailable)
MR       .....     Spirit   .   (boots currently unavailable)
HPRegen  0.64/turn Reflect  .   g - amulet of regeneration
MPRegen  0.23/turn Harm     .   (ring currently unavailable) Stlth ++........Rnd*Tele +
                                (ring currently unavailable)

@: short of breath, pig-form, flying, very quick
A: small, teleportitis, evolution 1, AC +7
a: Choose Bahamut's Protection, Choose Tiamat's Retribution, Adaptive Breath,
Renounce Religion


You were on level 3 of the Dungeon.
You worshipped Bahamut & Tiamat.
Bahamut & Tiamat was most pleased with you.
You were hungry.
You were a filthy swine.
You visited 1 branch of the dungeon, and saw 3 of its levels.
You also visited: Temple.

You collected 108 gold pieces.

Inventory:

Armour
 h - a +0 cloak (melded)
 k - a +1 hat (melded)
Jewellery
 c - a cursed ring of protection {(Curse: rF-)}
 g - an amulet of regeneration (around neck)
 l - a cursed amulet of harm {(Curse: rF- MR-)}
Scrolls
 b - a scroll of fog
 e - 3 scrolls of teleportation
 i - 3 scrolls of vulnerability
 m - a scroll of holy word
 o - a scroll of blinking
Potions
 d - a potion of curing
 f - a potion of cancellation
 j - a potion of mutation
Comestibles
 a - 6 rations
 n - 6 chunks of flesh


   Skills:
 + Level 5.0 Fighting
 - Level 1.5 Dodging
 - Level 1.4 Stealth
 - Level 2.6 Unarmed Combat
 - Level 9.0 Invocations


You had 6 spell levels left.
You didn't know any spells.
Your spell library was empty.

Dungeon Overview and Level Annotations

Branches:
Dungeon (3/8)

Altars:

Annotations:
D:3 Eustachio


Innate Abilities, Weirdness & Mutations

((Your hazy amethyst scales are resilient. (AC +7)))
((You can breathe clouds of thick fog.))
((You cannot wear any armour on your peculiar form.))
((You are cold-blooded and are slowed more easily by cold attacks.))
((You are in touch with the powers of charms.))
((Your hazy amethyst scales passively repel missiles. (rMsl)))
((Your scales resist being cut, but it's oddly easy to stick a small blade between them. (rSlashing+, rPiercing-)))
((Your large and strong wings let you fly indefinitely.))
((You have a beak for a mouth.))
You are often teleported next to monsters.
You evolve.
((You are vulnerable to acid. (rCorr-)))


Message History

The ufetubus closely misses you. x2; The llaibwca hits you (1).
Eustachio hits you with a +0 rapier (10)!
* * * LOW HITPOINT WARNING * * *
The ufetubus hits you (2).
* * * LOW HITPOINT WARNING * * *
The ufetubus barely misses you.
You hit the ufetubus (1). You hit the ufetubus (3).
The ufetubus is severely wounded. (2/6) HP The ufetubus barely misses you.
The ufetubus hits you (5).
* * * LOW HITPOINT WARNING * * *
There is a stone staircase leading up here.
The ufetubus hits you (3).
* * * LOW HITPOINT WARNING * * *
The ufetubus hits you (3).
* * * LOW HITPOINT WARNING * * *
The llaibwca blinks!
The ufetubus hits you (3).
* * * LOW HITPOINT WARNING * * *
The ufetubus hits you (3).
You die...

######..#### #.#.#
...........# #.#.#
#####..##.# #...#
##5.##.###.#.#
#..@##.......#
#.#.######.#.# #.#ยง#
#.#.# ###
#.#.######.#.# ..#
#.#<...5h..#.# #.#
#.##########.# # #.#
#.##########.# . #.#
#.#..........#
#####.###.#.##########
#.....##.#.#
#.#.#....).#
##.....###### ....####


You could see an ufetubus (summoned).

Vanquished Creatures
  A crocodile (D:2)
  A big kobold (D:2)
  4 jellies (D:2)
  A worker ant (D:3)
  9 giant cockroaches
  2 adders
  A gwybwca (D:3)
  27 sewer rats (D:2)
  3 worms (D:2)
  6 cinder newts (D:2)
  An ooze (D:2)
  3 dart slugs
  6 leopard geckos
  A goblin (D:1)
  2 hobgoblins (D:1)
  4 bats (D:1)
  2 bat skeletons (D:2)
  6 kobolds
  4 rats
  2 withered plants (D:2)
86 creatures vanquished.

Vanquished Creatures (others)
  2 sewer rats (D:2)
  A leopard gecko (D:2)
  A bat (D:2)
  A giant blowfly (D:2)
  113 withered plants (D:2)
118 creatures vanquished.

Grand Total: 204 creatures vanquished

Notes
Turn   | Place    | Note
-------+----------+-------------------------------------------
     0 | Start Te | Leeroy the Immature Draconian Priest began the quest for
                  | the Orb.
     0 | Start Te | Reached XP level 1. HP: 29/29 MP: 3/3
     5 | Start Te | Found a sparkling altar of Nemelex Xobeh.
     6 | Start Te | Found a basalt altar of Yredelemnul.
     6 | Start Te | Found a white marble altar of Elyvilon.
     7 | Start Te | Found an iron altar of Okawaru.
     8 | Start Te | Found a glowing silver altar of Zin.
     8 | Start Te | Found a blossoming altar of Fedhas.
     9 | Start Te | Found a stormy altar of Qazlal.
    10 | Start Te | Found a glowing golden altar of the Shining One.
    10 | Start Te | Found an opulent altar of Gozag.
    11 | Start Te | Found a sacrificial altar of Ru.
    12 | Start Te | Found an ornate altar of Bahamut and Tiamat.
    12 | Start Te | Found a hazy altar of Hepliaklqana.
    20 | Start Te | Became a worshipper of Bahamut & Tiamat
    20 | Start Te | Reached * piety under Bahamut & Tiamat
    20 | Start Te | Reached ** piety under Bahamut & Tiamat
    44 | D:1      | Gained mutation: You evolve. [potion of mutation]
    44 | D:1      | Gained mutation: You are vulnerable to acid. (rCorr-)
                  | [potion of mutation]
    44 | D:1      | Gained mutation: You are often teleported next to monsters.
                  | [potion of mutation]
   111 | D:1      | Reached XP level 2. HP: 39/39 MP: 5/5
   116 | D:1      | Reached skill level 5 in Invocations
   116 | D:1      | Reached XP level 3. HP: 49/49 MP: 6/6
   124 | D:1      | Reached skill level 6 in Invocations
   124 | D:1      | Reached XP level 4. HP: 57/59 MP: 6/8
   663 | D:2      | Noticed a crocodile
   677 | D:2      | Killed a crocodile
   677 | D:2      | Reached skill level 7 in Invocations
   677 | D:2      | Reached XP level 5. HP: 28/69 MP: 4/10
   766 | D:2      | Reached XP level 6. HP: 65/79 MP: 11/11
   766 | D:2      | Gained mutation: Your large and strong wings let you fly
                  | indefinitely. [evolution]
   813 | D:2      | Reached skill level 8 in Invocations
   987 | D:2      | Reached *** piety under Bahamut & Tiamat
  1297 | D:2      | Reached skill level 9 in Invocations
  1478 | D:2      | Reached skill level 1 in Fighting
  1478 | D:2      | Your scales start taking on a hazy amethyst colour.
  1478 | D:2      | Reached XP level 7. HP: 57/89 MP: 13/13
  1478 | D:2      | Gained mutation: Your hazy amethyst scales passively repel
                  | missiles. (rMsl) [Magenta Draconian growth]
  1478 | D:2      | Gained mutation: You are in touch with the powers of
                  | charms. [Magenta Draconian growth]
  1921 | D:2      | Gained mutation: You have a beak for a mouth. [potion of
                  | mutation]
  1921 | D:2      | Lost mutation: You evolve. [potion of mutation]
  1921 | D:2      | Gained mutation: You evolve. [potion of mutation]
  2970 | D:3      | Reached skill level 5 in Fighting
  2993 | D:3      | Noticed Eustachio
  3027 | D:3      | HP: 2/44 [ufetubus[Eustachio] (3)]
  3027 | D:3      | Slain by an ufetubus

Illustrated notes

Levels and vault maps discovered:
D:1:      matt_arrival_diagonals, layout_rooms, gup_sewer_entry_glass
D:2:      layout_sewer, first_ration
D:3:      layout_loops_ring, grunt_temple_overflow_cloverleaf,
          uniq_blork_the_orc, uniq_eustachio

Skill      XL: |  1  2  3  4  5  6  7 |
---------------+----------------------+-----
Invocations    | 5 6 7 9 |  9.0
Fighting       | 1 5 |  5.0
Dodging        | |  1.5
Stealth        | |  1.4
Unarmed Combat | |  2.6

Action                   |  1- 3 |  4- 6 |  7- 9 || total
-------------------------+-------+-------+-------++-------
Melee: Unarmed           |    33 |   668 |   367 ||  1068
       Peck              |     2 |    56 |    33 ||    91
       Tailslap          |       |       |    27 ||    27
Throw: Skull             |     4 |       |       ||     4
       Bone              |     1 |       |       ||     1
Invok: Adaptive Breath   |       |     2 |     2 ||     4
       Choose Tiamat's A |       |     1 |       ||     1
 Abil: Breathe Dart      |       |     2 |       ||     2
       Fly               |       |     1 |       ||     1
       Breathe Fog       |       |       |     1 ||     1
  Use: Potion            |     1 |     2 |     1 ||     4
 Stab: Sleeping          |     1 |     2 |       ||     3
  Eat: Chunk             |       |     3 |     6 ||     9
Armor: Skin              |     5 |    88 |    44 ||   137
Dodge: Dodged            |     1 |    72 |    44 ||   117
